details: 'lost temple perch vs perch - zepplin denial wins'

« prev index next »

General information

Mini Map

Players

team 1
Humanpps.0 (blue | 52 APM | 3023 actions | 58:05)
Hero icon 4 Archmage
Ability icon 2 Blizzard
Ability icon 2 Brilliance Aura
Hero icon 4 Blood Mage
Ability icon 2 Flame Strike
Ability icon 2 Siphon Mana
Hero icon 4 Paladin
Ability icon 2 Holy Light
Ability icon 2 Divine Shield

» actions
Assign group hotkey71
Basic commands151
Build / train177
ESC pressed4
Enter build submenu96
Enter hero's abilities submenu12
Give item / drop item10
Right click986
Select / deselect756
Select group hotkey403
Use ability357
3023 total
» units
Peasant29
Mortar Team5
Sorceress4
Goblin Shredder1
Flying Machine12
Dragonhawk Rider9
Knight1
Goblin Zeppelin2
Siege Engine2
Gryphon Rider1
66 total
» upgrades
Sorceress Training2
Gunpowder3
Plating3
Magic Sentry1
Flak Cannons1
Flying Machine Bombs1
Cloud1
Storm Hammers1
Animal War Training1
Masonry3
Armor3
Fragmentation Shards1
Flare1
Barrage1
Swords2
25 total
» buildings
Altar of Kings1
Farm11
Arcane Vault1
Lumber Mill2
Scout Tower105
Arcane Tower3
Town Hall5
Keep2
Guard Tower39
Blacksmith1
Arcane Sanctum1
Workshop3
Castle1
Gryphon Aviary3
Barracks1
179 total
» build order
00:05 Altar of Kings
00:20 Farm
00:21 Farm
00:47 Arcane Vault
01:04 Lumber Mill
01:22 Scout Tower
01:50 Farm
02:20 Arcane Tower
02:37 Farm
03:54 Town Hall
04:12 Scout Tower
04:39 Scout Tower
04:40 Scout Tower
04:40 Scout Tower
04:42 Scout Tower
04:52 Scout Tower
05:02 Keep
05:06 Scout Tower
05:32 Guard Tower
05:35 Guard Tower
05:51 Blacksmith
05:52 Guard Tower
05:59 Guard Tower
06:31 Scout Tower
06:32 Scout Tower
06:33 Scout Tower
06:49 Scout Tower
06:50 Scout Tower
06:51 Scout Tower
06:53 Arcane Tower
06:55 Guard Tower
07:04 Farm
07:05 Farm
07:27 Scout Tower
07:30 Arcane Sanctum
07:33 Workshop
07:33 Workshop
07:53 Guard Tower
07:59 Guard Tower
08:05 Guard Tower
08:23 Workshop
08:29 Guard Tower
08:40 Guard Tower
10:45 Scout Tower
10:47 Scout Tower
10:49 Scout Tower
11:44 Castle
11:46 Scout Tower
11:47 Scout Tower
11:48 Farm
11:49 Gryphon Aviary
11:51 Gryphon Aviary
12:26 Guard Tower
12:27 Guard Tower
12:28 Scout Tower
13:25 Gryphon Aviary
13:29 Farm
13:30 Farm
13:31 Guard Tower
13:37 Guard Tower
14:56 Scout Tower
14:56 Scout Tower
14:57 Scout Tower
15:00 Scout Tower
15:01 Scout Tower
15:02 Scout Tower
17:21 Barracks
17:24 Guard Tower
19:28 Farm
19:29 Farm
19:29 Scout Tower
19:30 Scout Tower
21:31 Guard Tower
21:32 Guard Tower
21:34 Guard Tower
23:24 Scout Tower
23:27 Scout Tower
23:29 Scout Tower
23:30 Scout Tower
23:31 Scout Tower
23:31 Scout Tower
23:32 Scout Tower
23:33 Scout Tower
23:34 Scout Tower
23:35 Scout Tower
23:41 Town Hall
24:19 Guard Tower
24:26 Guard Tower
24:52 Guard Tower
25:07 Scout Tower
28:45 Scout Tower
28:46 Scout Tower
28:48 Scout Tower
28:52 Scout Tower
28:53 Scout Tower
28:55 Scout Tower
28:57 Scout Tower
28:58 Scout Tower
29:00 Scout Tower
29:00 Scout Tower
29:04 Scout Tower
29:07 Scout Tower
29:07 Scout Tower
29:08 Scout Tower
29:11 Scout Tower
29:13 Scout Tower
29:17 Scout Tower
29:19 Scout Tower
29:20 Scout Tower
29:22 Scout Tower
29:23 Scout Tower
29:26 Town Hall
29:32 Arcane Tower
30:18 Guard Tower
30:23 Lumber Mill
30:29 Guard Tower
31:24 Guard Tower
31:29 Guard Tower
31:30 Guard Tower
32:20 Guard Tower
34:29 Scout Tower
34:30 Scout Tower
34:30 Scout Tower
34:32 Scout Tower
34:33 Scout Tower
36:41 Guard Tower
48:12 Town Hall
48:16 Scout Tower
48:17 Scout Tower
48:18 Scout Tower
48:20 Scout Tower
48:21 Scout Tower
48:22 Scout Tower
48:26 Scout Tower
48:27 Scout Tower
48:28 Scout Tower
48:29 Scout Tower
48:30 Scout Tower
49:06 Guard Tower
49:16 Scout Tower
49:18 Scout Tower
49:19 Scout Tower
49:20 Scout Tower
49:21 Scout Tower
49:24 Scout Tower
49:24 Scout Tower
49:25 Scout Tower
49:27 Scout Tower
49:28 Scout Tower
49:28 Scout Tower
49:30 Scout Tower
49:48 Guard Tower
49:49 Guard Tower
50:13 Guard Tower
50:31 Guard Tower
50:41 Guard Tower
50:44 Guard Tower
51:16 Guard Tower
51:48 Guard Tower
51:50 Keep
53:56 Scout Tower
53:57 Scout Tower
54:45 Guard Tower
55:25 Town Hall
55:28 Scout Tower
55:28 Scout Tower
55:30 Scout Tower
55:31 Scout Tower
55:31 Scout Tower
55:33 Scout Tower
55:35 Scout Tower
55:36 Scout Tower
55:38 Scout Tower
55:39 Scout Tower
55:40 Scout Tower
55:41 Scout Tower
55:43 Scout Tower
57:03 Guard Tower
57:07 Scout Tower
» items
Mechanical Critter1
Scroll of Regeneration3
Lesser Clarity Potion2
Scroll of Town Portal3
Potion of Healing4
Potion of Mana1
Staff of Sanctuary1
Orb of Fire1
Periapt of Vitality2
Boots of Speed2
Potion of Invisibility1
Potion of Lesser Invulnerability3
Staff of Teleportation2
26 total
team 2
Undeadkina999 (red | 35 APM | 2004 actions | 58:00)
Hero icon 5 Death Knight
Ability icon 2 Death Coil
Ability icon 3 Unholy Aura
Hero icon 3 Dreadlord
Ability icon 2 Sleep
Ability icon 1 Vampiric Aura
Hero icon 3 Crypt Lord
Ability icon 2 Spiked Carapace
Ability icon 1 Carrion Beetles

» actions
Assign group hotkey7
Basic commands2
Build / train110
Enter build submenu43
Enter hero's abilities submenu11
Give item / drop item1
Remove unit from queue2
Right click1011
Select / deselect710
Select group hotkey5
Use ability102
2004 total
» units
Acolyte22
Ghoul4
Crypt Fiend9
Gargoyle10
Frost Wyrm7
Obsidian Statue2
Goblin Zeppelin1
Goblin Shredder1
Necromancer2
Meatwagon1
59 total
» upgrades
Unholy Strength1
Creature Attack3
Unholy Armor1
Creature Carapace2
Freezing Breath1
Web2
Skeletal Longevity1
Skeletal Mastery1
Necromancer Training2
Exhume Corpses1
15 total
» buildings
Ziggurat17
Altar of Darkness1
Crypt2
Graveyard1
Tomb of Relics2
Nerubian Tower11
Halls of the Dead2
Spirit Tower1
Black Citadel1
Sacrificial Pit2
Boneyard2
Slaughterhouse2
Necropolis1
Temple of the Damned1
46 total
» build order
00:10 Ziggurat
00:22 Altar of Darkness
00:56 Crypt
01:08 Graveyard
01:28 Ziggurat
01:42 Tomb of Relics
01:56 Ziggurat
05:35 Nerubian Tower
06:10 Ziggurat
06:54 Ziggurat
07:02 Halls of the Dead
07:09 Nerubian Tower
07:29 Spirit Tower
08:11 Nerubian Tower
08:14 Ziggurat
09:48 Black Citadel
10:26 Crypt
11:34 Sacrificial Pit
12:22 Boneyard
12:49 Boneyard
13:58 Ziggurat
14:31 Ziggurat
14:58 Ziggurat
15:35 Slaughterhouse
15:50 Slaughterhouse
15:59 Nerubian Tower
16:11 Nerubian Tower
17:21 Ziggurat
17:52 Ziggurat
27:01 Necropolis
27:40 Ziggurat
29:08 Nerubian Tower
29:14 Ziggurat
29:27 Ziggurat
30:06 Ziggurat
30:23 Nerubian Tower
30:25 Nerubian Tower
31:25 Nerubian Tower
32:11 Temple of the Damned
32:34 Halls of the Dead
39:58 Tomb of Relics
51:31 Ziggurat
51:45 Ziggurat
52:04 Sacrificial Pit
52:28 Nerubian Tower
52:39 Nerubian Tower
» items
Sacrificial Skull2
Rod of Necromancy1
Scroll of Town Portal2
5 total